 Dungeon Crawl Stone Soup version 0.28-a0-828-g0121872642 (webtiles) character file.

Game seed: 14963907676114643728

0 spiderkeys the Skirmisher (level 1, -5/14 HPs)
             Began as a Tengu Abyssal Knight on Nov 11, 2021.
             Was a Follower of Lugonu.
             Slain by a spatial maelstrom (15 damage)
             ... on level 1 of the Abyss.
             The game lasted 00:00:25 (241 turns).

spiderkeys the Skirmisher (Tengu Abyssal Knight)     Turns: 241, Time: 00:00:26

Health: -5/14      AC:  3    Str: 13    XL:     1   Next: 0%
Magic:  3/3        EV: 11    Int: 10    God:    Lugonu [*.....]
Gold:   0          SH:  0    Dex: 14    Spells: 0/0 levels left

rFire   . . .      SeeInvis .   a - +1 spear
rCold   . . .      Faith    .   (no shield)
rNeg    . . .      Spirit   .   b - +0 leather armour
rPois   .          Reflect  .   (helmet restricted)
rElec   .          Harm     .   (no cloak)
rCorr   .          Rampage  .   (no gloves)
Will    .....                   (boots unavailable)
Stlth   +.........              (no amulet)
HPRegen 0.04/turn               (no ring)
MPRegen 0.08/turn               (no ring)

@: no status effects
A: beak, talons 3
a: Renounce Religion, Depart the Abyss


You were on level 1 of the Abyss.
You worshipped Lugonu.
Lugonu was aware of your devotion.
You visited 0 branches of the dungeon, and saw 0 of its levels.
You visited the Abyss 1 time.


Innate Abilities, Weirdness & Mutations

You have a beak for a mouth.
You have claws for feet.


   Skills:
 + Level 3.0 Fighting
 + Level 2.1 Polearms
 + Level 2.1 Armour
 + Level 1.1 Dodging
 + Level 1.5 Invocations


You couldn't memorise any spells.
You didn't know any spells.
Your spell library was empty.

Inventory:

Hand Weapons
 a - a +1 spear (weapon)
Missiles
 c - 20 bolts
Armour
 b - a +0 leather armour (worn)

Dungeon Overview and Level Annotations

Branches:
Dungeon (0/15)

Altars:

≈[ ≈ ≈ ######### ≈≈
.≈ #...#. .# #.
###.#...# ≈
..###@vv#..# .
..##.v.#.# #
#..#..v..#§. # #
#.#.##v...#..
#..#.#....#######..
#...### #..#.. .
###.##.#...#.#
..##.#..§#.# .. #
..##.#


You could see a spatial maelstrom and 4 spatial vortices.


Message History

🤖 Initializing magus.rc ... ✅ Successfully initialized magus.rc [v1.9.10] Welcome, spiderkeys the Tengu Abyssal Knight.
You feel drawn to the Orb of Zot, downwards into the unfathomable depths...
Lugonu says: Depart the Abyss and spread corruption, my servant! (use the ability menu to exit the Abyss) Press ? for a list of commands and other information.
Found a corrupted altar of Lugonu.
There is a corrupted altar of Lugonu here.
Unknown command.
Found a gateway leading out of the Abyss.
There is a gateway leading out of the Abyss here.
There is a gateway leading out of the Abyss here.
There is a gateway leading out of the Abyss here.
There is a gateway leading out of the Abyss here.
A lurking horror comes into view.
There is a gateway leading out of the Abyss here.
There is a gateway leading out of the Abyss here.
Your body is wracked with pain! 😮 HP[-6]
You take 6 damage, and now have 8/14 hp.
MASSIVE DAMAGE!! (PAUSE) 😮 HP[+1] 😮 HP[+1]
c - 20 bolts A spatial maelstrom comes into view.
A spatial vortex comes into view.
A spatial vortex comes into view.
A spatial vortex comes into view. x2
The spatial maelstrom hits you!
Ouch! That really hurt!
You die...

Levels and vault maps discovered:
Abyss:1:  base: Temple, base:
Temple

Notes
Turn   | Place    | Note
-------+----------+-------------------------------------------
     0 | Abyss:1  | spiderkeys the Tengu Abyssal Knight began the quest for the
                  | Orb.
     0 | Abyss:1  | Reached XP level 1. HP: 14/14 MP: 3/3
     0 | Abyss:1  | magus.rc [v1.9.10]
    91 | Abyss:1  | Found a corrupted altar of Lugonu.
   237 | Abyss:1  | Noticed a spatial maelstrom
   239 | Abyss:1  | Noticed a spatial vortex
   239 | Abyss:1  | Noticed a spatial vortex
   240 | Abyss:1  | Noticed a spatial vortex
   241 | Abyss:1  | Noticed a spatial vortex
   241 | Abyss:1  | Slain by a spatial maelstrom

Vanquished Creatures (others)
  A lurking horror (Abyss:1)
1 creature vanquished.

Table legend:
 A = Non-vault XP
 B = Vault XP
 C = Vault XP percentage of total XP
 D = Non-vault monster count
 E = Vault monster count
 F = Vault count percentage of total count
                 A         B        C        D         E       F
            +---------+---------+-------+---------+---------+-------
      Total |       0 |       0 |   N/A |       0 |       0 |  -nan
            +---------+---------+-------+---------+---------+-------
            +---------+---------+-------+---------+---------+-------

Illustrated notes

Table legend: (Time is in decaauts)
 A = Elapsed time spent in this place.
 B = Non-inter-level travel time spent in this place.
 C = Inter-level travel time spent in this place.
 D = Time resting spent in this place.
 E = Time spent auto-exploring this place.
 F = Levels seen in this place.
 G = Mean time per level.
                   A        B        C        D        E       F      G
               +--------+--------+--------+--------+--------+-----+--------+
         Total |    241 |    241 |      0 |      0 |    160 |   1 |  241.0 |
         Abyss |    241 |    241 |      0 |      0 |    160 |   1 |  241.0 |
               +--------+--------+--------+--------+--------+-----+--------+

Top non-repeatable levels by time:
 Abyss:1: 241 daAuts
